 Dungeon Crawl Stone Soup version 0.21.1-1-g345015f (webtiles) character file.

482 xccam the Shield-Bearer (level 6, 0/51 HPs)
             Began as a Minotaur Fighter on Feb 10, 2018.
             Succumbed to a killer bee's poison
             ... on level 3 of the Dungeon.
             The game lasted 00:06:49 (2808 turns).

xccam the Shield-Bearer (Minotaur Fighter)          Turns: 2808, Time: 00:06:49

Health: 0/51       AC:  7    Str: 27    XL:     6   Next: 87%
Magic:  5/5        EV:  8    Int:  5    God:
Gold:   162        SH: 12    Dex: 12    Spells: 5/5 levels left

rFire    . . .     SeeInvis .   a - +0 flail
rCold    . . .     Gourm    .   c - +1 shield
rNeg     + . .     Faith    .   b - +0 scale mail
rPois    .         Spirit   .   (helmet restricted)
rElec    +         Reflect  .   (no cloak)
rCorr    .         Harm     .   (no gloves)
MR       .....     Clarity  +   (no boots)
Stlth    ..........             (no amulet)
HPRegen  0.17/turn              n - ring of positive energy
MPRegen  0.09/turn              k - ring of flight

@: mighty, lethally poisoned (0 -> -2)
A: retaliatory headbutt, horns 2, agile 1, clarity, electricity resistance
a: Evoke Flight


You were on level 3 of the Dungeon.
You were very hungry.

You visited 1 branch of the dungeon, and saw 4 of its levels.
You also visited: Sewer.

You collected 162 gold pieces.

Inventory:

Hand Weapons
 a - a +0 flail (weapon)
Armour
 b - a +0 scale mail (worn)
 c - a +1 shield (worn)
 e - a +0 plate armour
Jewellery
 k - a ring of flight (right hand)
 n - a ring of positive energy (left hand)
Scrolls
 g - 2 scrolls of fear
 j - a scroll of teleportation
 l - a scroll of enchant armour
 m - 3 scrolls of blinking
Potions
 h - a potion of haste
Comestibles
 f - 9 rations


   Skills:
 - Level 3.6 Fighting
 + Level 5.5 Maces & Flails
 + Level 6.1 Armour
 + Level 6.1 Shields


You had 5 spell levels left.
You didn't know any spells.

Dungeon Overview and Level Annotations

Branches:
Dungeon (4/15)
 Temple: D:4-7

Altars:
Fedhas


Innate Abilities, Weirdness & Mutations

You reflexively headbutt those who attack you in melee.
You have a pair of horns on your head.
You are agile. (Dex +2)
You possess an exceptional clarity of mind.
You are resistant to electric shocks. (rElec)


Message History

You block the killer bee's attack. The killer bee stings you.
* * * LOW HITPOINT WARNING * * *
The killer bee closely misses you.
You closely miss the killer bee.
The killer bee is almost dead.
You block the killer bee's attack.
The killer bee stings you but does no damage.
You block the killer bee's attack. The killer bee stings you.
* * * LOW HITPOINT WARNING * * *
You are poisoned.
The killer bee poisons you! The killer bee barely misses you.
You sock the killer bee!
You kill the killer bee!
You feel sick. The killer bee barely misses you. The killer bee stings you.
* * * LOW HITPOINT WARNING * * *
Unknown command.
You feel very mighty all of a sudden. You block the killer bee's attack. x2
You closely miss the killer bee.
You die...

....####..####.....#########.##..
......######.........# #.##.#
......######.....###.# #....#
....####..####....##.# ####.#
..####......####.....####### #..
####....#.....####.........# ###
...................#.#####.# #
.####.####......†.......##.### ##
#.# #####.#@†...#.......# #.#
##y####.#..##.#.# ###.##### #.#
#.......#.# #.......#
###.######....##.# #.#.###.#
#.....# #.##.##.# #.#).##.#
#.....# #.##.##.# #.##)##.#
#.....# #.......# #.##)##.#
#.....# ####.#### #.......#
#.....#######.#


You could see a killer bee.

Vanquished Creatures
  A necrophage (D:2)
  2 bullfrogs (Sewer)
  2 killer bees (D:3)
  A hound (D:3)
  A hound skeleton (D:4)
  4 gnolls (D:3)
  2 adders
  An ooze (D:1)
  3 dart slugs
  7 leopard geckos
  5 orcs (D:3)
  10 giant cockroaches
  A goblin (D:2)
  5 hobgoblins
  4 jackals
  A quokka (D:2)
  4 ball pythons
  8 bats
  9 frilled lizards
  4 rats (D:2)
75 creatures vanquished.

Notes
Turn   | Place    | Note
-------+----------+-------------------------------------------
     0 | D:1      | xccam the Minotaur Fighter began the quest for the Orb.
     0 | D:1      | Reached XP level 1. HP: 19/19 MP: 0/0
   159 | D:1      | Reached XP level 2. HP: 26/26 MP: 1/1
   585 | D:2      | Noticed a necrophage
   597 | D:2      | Killed a necrophage
   597 | D:2      | Reached XP level 3. HP: 22/31 MP: 2/2
   597 | D:2      | Reached XP level 4. HP: 27/39 MP: 3/3
  1271 | D:3      | Reached skill level 5 in Armour
  1271 | D:3      | Reached skill level 5 in Shields
  1271 | D:3      | Reached XP level 5. HP: 24/45 MP: 4/4
  1377 | D:3      | Found a glowing drain.
  1396 | Sewer    | Entered a sewer
  1757 | Sewer    | Reached skill level 5 in Maces & Flails
  1757 | Sewer    | Reached XP level 6. HP: 16/51 MP: 5/5
  1773 | Sewer    | Gained mutation: You are resistant to electric shocks. (rElec) [potion of mutation]
  1773 | Sewer    | Gained mutation: You possess an exceptional clarity of mind. [potion of mutation]
  1773 | Sewer    | Gained mutation: You are agile. (Dex +2) [potion of mutation]
  2347 | D:3      | Found a blossoming altar of Fedhas.
  2806 | D:3      | HP: 1/51 [killer bee (6)]
  2808 | D:3      | Succumbed to a killer bee's poison

Skill      XL: |  1  2  3  4  5  6 |
---------------+-------------------+-----
Shields        | 4 5 6 |  6.1
Maces & Flails | 3 4 5 |  5.5
Armour         | 4 5 6 |  6.1
Fighting       | |  3.6

Action                   |  1- 3 |  4- 6 || total
-------------------------+-------+-------++-------
Melee: Flail             |    27 |   185 ||   212
       Headbutt          |     6 |    21 ||    27
  Use: Potion            |     2 |     5 ||     7
       Scroll            |     2 |     7 ||     9
  Eat: Chunk             |       |     5 ||     5
Armor: Scale mail        |    11 |    91 ||   102
Dodge: Dodged            |     9 |    78 ||    87
Block: Shield            |    16 |   141 ||   157
